 Dungeon Crawl Stone Soup version 0.25.1-2-g60ff931df9 (webtiles) character file.

Game seed: 4617100985902877221

405 Apogee the Archer (level 6, -2/52 HPs)
             Began as a Centaur Hunter on Nov 2, 2020.
             Slain by Natasha (8 damage)
             ... on level 4 of the Dungeon.
             The game lasted 00:05:57 (5605 turns).

Apogee the Archer (Centaur Hunter)                  Turns: 5605, Time: 00:05:58

Health: -2/52      AC:  4    Str: 16    XL:     6   Next: 56%
Magic:  6/6        EV:  9    Int: 10    God:
Gold:   250        SH:  0    Dex: 10    Spells: 5/5 levels left

rFire    . . .     SeeInvis .   b - +0 spear
rCold    . . .     Gourm    .   (no shield)
rNeg     . . .     Faith    .   c - +0 leather armour
rPois    .         Spirit   .   (no helmet)
rElec    .         Reflect  .   (no cloak)
rCorr    .         Harm     .   (no gloves)
MR       .....                  (no barding)
Stlth    +.........             (no amulet)
HPRegen  0.17/turn              (no ring)
MPRegen  0.10/turn              (no ring)

@: slowed
A: large, hooves 3, deformed body, speed 2, tough skin 3
a: no special abilities


You were on level 4 of the Dungeon.
You were not hungry.

You visited 1 branch of the dungeon, and saw 4 of its levels.

You collected 250 gold pieces.

Inventory:

Hand Weapons
 a - a +1 shortbow
 b - a +0 spear (weapon)
 p - a +0 short sword
Missiles
 d - 14 arrows
 j - 5 boomerangs (quivered)
Armour
 c - a +0 leather armour (worn)
Jewellery
 h - an uncursed amulet of reflection {unknown}
 n - an uncursed ring of protection from cold {unknown}
 u - an uncursed amulet of regeneration {unknown}
Scrolls
 e - 5 scrolls of identify {unknown}
 k - 2 scrolls of fog {unknown}
 l - 3 scrolls of remove curse {unknown}
 r - 2 scrolls of magic mapping {unknown}
 s - 2 scrolls of amnesia {unknown}
 x - a scroll of fear {unknown}
 y - 3 scrolls of teleportation {unknown}
Potions
 g - 2 potions of ambrosia {unknown}
 i - 2 potions of degeneration {unknown}
 m - 4 potions of curing {unknown}
 o - a potion of invisibility {unknown}
 q - a potion of stabbing {unknown}
 t - a potion of heal wounds {unknown}
 v - a potion of berserk rage {unknown}
Comestibles
 f - 5 rations
 w - a chunk of flesh


   Skills:
 + Level 3.7 Fighting
 * Level 9.5 Bows
 - Level 1.3 Dodging
 - Level 0.4 Stealth


You had 5 spell levels left.
You didn't know any spells.
Your spell library was empty.

Dungeon Overview and Level Annotations

Branches:
Dungeon (4/15)
 Temple: D:4-7

Altars:
Dithmenos
Elyvilon
Fedhas
Gozag
Qazlal
Ru
Sif Muna
Wu Jian
Xom
Zin

Annotations:
D:2 2 transporters
D:4 exclusion: door, Natasha


Innate Abilities, Weirdness & Mutations

You have hooves in place of feet.
Armour fits poorly on your strangely shaped body.
You cover ground very quickly.
You have extremely tough skin. (AC +3)


Message History

You shoot an arrow. The arrow barely misses Natasha.
Natasha claws you. x2
b - a +0 spear (weapon)
You closely miss Natasha.
Natasha is moderately wounded.
Natasha claws you! Natasha claws you.
You hit Natasha.
Natasha is heavily wounded.
Natasha claws you.
* * * LOW HITPOINT WARNING * * *
Natasha casts a spell at you.
You feel as though you will be slow longer.
You hit Natasha. You kick Natasha.
Natasha is almost dead.
Natasha claws you!
* * * LOW HITPOINT WARNING * * *
You are too injured to fight recklessly!
You barely miss Natasha.
Natasha is almost dead.
Natasha claws you!
You die...

##..# ########## #
#..# .. #####.>#
... #...##.# ..#
#...##.# ..#
#...##.# #.#
#...##.#
....#†.#####...##.#
...'^....(((.((h@.#
...#.#######...####
#####


You could see Natasha.

Vanquished Creatures
  A scorpion (D:4)
  A howler monkey (D:4)
  A jelly (D:4)
  A hound (D:4)
  An orc wizard (D:4)
  Jessica (D:2)
  Natasha (twice) (D:4)
  A worker ant (D:4)
  Robin (D:2)
  5 adders
  An ooze (D:1)
  A worm (D:1)
  A leopard gecko (D:1)
  5 orcs
  5 bats
  3 giant cockroaches
  17 goblins
  9 hobgoblins
  8 kobolds
  4 quokkas
  A jackal skeleton (D:4)
  3 rats
73 creatures vanquished.

Notes
Turn   | Place    | Note
-------+----------+-------------------------------------------
     0 | D:1      | Apogee the Centaur Hunter began the quest for the Orb.
     0 | D:1      | Reached XP level 1. HP: 17/17 MP: 1/1
   281 | D:1      | Reached XP level 2. HP: 23/24 MP: 2/2
   285 | D:1      | Reached skill level 6 in Bows
   992 | D:2      | Noticed Robin
   998 | D:2      | Reached XP level 3. HP: 29/29 MP: 3/3
  1308 | D:2      | Killed Robin
  1308 | D:2      | Reached skill level 7 in Bows
  1824 | D:2      | Found an ornate altar of the Wu Jian Council.
  1826 | D:2      | Noticed Jessica
  1841 | D:2      | Killed Jessica
  1841 | D:2      | Reached XP level 4. HP: 22/36 MP: 4/4
  2191 | D:2      | Found a transporter.
  2324 | D:2      | Found a transporter.
  2334 | D:2      | Found a white marble altar of Elyvilon.
  3030 | D:3      | Found a sacrificial altar of Ru.
  3252 | D:3      | Reached skill level 8 in Bows
  3324 | D:3      | Reached XP level 5. HP: 39/42 MP: 5/5
  4168 | D:4      | Noticed Natasha
  4185 | D:4      | Killed Natasha
  4649 | D:4      | Reached skill level 9 in Bows
  4649 | D:4      | Reached XP level 6. HP: 16/51 MP: 6/6
  5143 | D:4      | Found a shimmering blue altar of Sif Muna.
  5353 | D:4      | Noticed Natasha
  5361 | D:4      | Killed Natasha
  5388 | D:4      | Found a glowing silver altar of Zin.
  5391 | D:4      | Found a shimmering altar of Xom.
  5391 | D:4      | Found an opulent altar of Gozag.
  5391 | D:4      | Found a stormy altar of Qazlal.
  5398 | D:4      | Found a blossoming altar of Fedhas.
  5398 | D:4      | Found a shadowy altar of Dithmenos.
  5568 | D:4      | Noticed Natasha
  5605 | D:4      | Slain by Natasha

Illustrated notes

Levels and vault maps discovered:
D:1:      lightli_arrival_quake, layout_basic
D:2:      layout_loops_ring, gammafunk_temple_overflow_arena,
          nicolae_overflow_crystal_walls, nicolae_underground_beach, uniq_robin,
          uniq_jessica
D:3:      layout_basic, nicolae_ru_awakened_eye, serial_glass, glass_columns_a,
          glass_columns_b
D:4:      layout_basic, led_sif_book, minmay_overflow_temple_hex, uniq_natasha

Skill      XL: |  1  2  3  4  5 |
---------------+----------------+-----
Bows           | 6 7 8 9 |  9.5
Fighting       | 3 |  3.7
Dodging        | |  1.3
Stealth        | |  0.4

Action                   |  1- 3 |  4- 6 || total
-------------------------+-------+-------++-------
Melee: Short sword       |    32 |       ||    32
       Kick              |    16 |    25 ||    41
       Spear             |   108 |   152 ||   260
 Fire: Shortbow          |       |    36 ||    36
  Eat: Chunk             |     2 |    10 ||    12
Armor: Leather armour    |    34 |    45 ||    79
Dodge: Dodged            |    38 |    47 ||    85
